 Dungeon Crawl Stone Soup version 0.29-a0-1043-g569b05d6ff (webtiles) character file.

Game seed: 3702254799671467027

162 KleinerIrrer the Shooter (level 5, -4/38 HPs)
             Began as a Demonspawn Hunter on Aug 16, 2022.
             Slain by a worm (8 damage)
             ... on level 3 of the Dungeon.
             The game lasted 00:06:57 (3309 turns).

KleinerIrrer the Shooter (Demonspawn Hunter)        Turns: 3309, Time: 00:06:57

Health: -4/38      AC:  6    Str: 11    XL:     5   Next: 19%
Magic:  5/5        EV: 12    Int: 12    God:
Gold:   47         SH:  4    Dex: 17    Spells: 4/4 levels left

rFire   . . .      SeeInvis +   a - +0 shortbow
rCold   . . .      Faith    .   (shield currently unavailable)
rNeg    . . .      Spirit   .   c - +0 leather armour
rPois   .          Reflect  .   (no helmet)
rElec   .          Harm     .   (no cloak)
rCorr   .          Rampage  .   g - +1 pair of gloves
Will    .....                   r - +0 pair of boots
Stlth   ++........              (no amulet)
HPRegen 0.12/turn               i - ring of see invisible
MPRegen 0.09/turn               (no ring)

@: lethally poisoned (-4 -> -9)
A: large bone plates 1, demonic guardian 1, demonic touch 1
a: no special abilities


You were on level 3 of the Dungeon.
You visited 1 branch of the dungeon, and saw 3 of its levels.

You collected 47 gold pieces.

Inventory:

Hand Weapons
 a - a +0 shortbow (weapon)
Armour
 c - a +0 leather armour (worn)
 g - a +1 pair of gloves (worn)
 r - a +0 pair of boots (worn)
Jewellery
 i - a ring of see invisible (left hand)
 n - a ring of fire
Scrolls
 b - a scroll of immolation
 d - 2 scrolls of fog {unknown}
 j - 2 scrolls of identify {unknown}
 k - a scroll of blinking {unknown}
 l - a scroll of noise {unknown}
 m - a scroll of teleportation {unknown}
 o - a scroll of enchant weapon {unknown}
 q - a scroll of vulnerability {unknown}
Potions
 e - a potion of berserk rage
 f - 2 potions of mutation {unknown}
 h - a potion of flight {unknown}
 p - a potion of haste {unknown}
 s - a potion of magic {unknown}


   Skills:
 - Level 2.0 Fighting
 + Level 6.0 Ranged Weapons
 - Level 1.7 Dodging
 - Level 0.8 Stealth


You had 4 spell levels left.
You didn't know any spells.
Your spell library was empty.

Dungeon Overview and Level Annotations

Branches:
Dungeon (3/15)

Altars:
Ashenzari
Uskayaw
Xom

Shops:
D:1 (

Annotations:
D:3 1 runed translucent door, LucemDeus's ghost, amateur KoBr


Innate Abilities, Weirdness & Mutations

You are partially covered in large bone plates. (SH +4)
A weak demonic guardian rushes to your aid.
Your touch may inflict minor irresistible damage on your foes.


Message History

The adder bites you.
You shoot an arrow. The arrow misses the adder.
The adder bites you but does no damage. x2
You shoot an arrow. The arrow hits the adder.
The adder is almost dead.
The adder bites you but does no damage. The worm bites you!
You shoot an arrow. The arrow barely misses the adder.
The adder barely misses you. x2; The worm bites you!
You are too injured to fight recklessly!
You are too injured to fight recklessly!
Fire: a) +0 shortbow
Press: ? - help, Q - select action Shift-Dir - straight line, f/p - adder
Aim: an adder (almost dead, 48% to hit)
You shoot an arrow.
The arrow hits the adder but does no damage.
The adder is almost dead.
You block the adder's attack. The worm bites you. The adder bites you.
Fire: a) +0 shortbow
Press: ? - help, Q - select action Shift-Dir - straight line, f/p - adder
Aim: an adder (almost dead, 48% to hit)
You shoot an arrow. The arrow misses the adder.
The adder completely misses you. The worm bites you.
* * * LOW HITPOINT WARNING * * *
A demonic guardian appears!
Fire: a) +0 shortbow
Press: ? - help, Q - select action Shift-Dir - straight line, f/p - adder
Aim: an adder (severely wounded, ally target, 48% to hit)
You shoot an arrow. The arrow completely misses the adder.
The adder bites you.
* * * LOW HITPOINT WARNING * * *
You are lethally poisoned!
The adder poisons you! You block the adder's attack.
Your shadow imp splashes around in the water.
Fire: a) +0 shortbow
Press: ? - help, Q - select action Shift-Dir - straight line, f/p - adder
Aim: an adder (severely wounded, ally target, 48% to hit)
You shoot an arrow. The arrow closely misses the adder.
* * * LOW HITPOINT WARNING * * *
You feel sick. The adder barely misses you. The worm bites you!
You die...

###.#####.##.#.....##
#≈#........).)......+
.##≈#.############.####
.#≈≈#..# #≈≈≈≈≈≈..~##
..≈≈.#.# #≈#≈≈≈≈≈~~.#
#.≈≈.#.# ##≈≈≈≈.≈~#
..~~.#.# ##≈~~≈~.#
~.~~.~.# ###~≈~~.#
.~~≈.~.# #.@≈~≈~.#
~.~~..## #.wS5~~.#
~.~~~.# ..?~≈~~~.#
g.~~..# ###.~~~~≈~#
..≈~..# ...~.~~..#
.~~~~.# .....≈~~....
~~~~.~# 8_..~~~≈.~...
..~≈.~# _..#~~≈.≈~#.
.~~~..#


You could see a worm, an adder (ally target) and a friendly shadow imp
(summoned).

Vanquished Creatures
  Jessica (D:2)
  2 gnolls (D:3)
  5 adders
  A worm (D:2)
  2 dart slugs (D:1)
  7 ball pythons
  5 bats
  4 endoplasms
  A giant cockroach (D:1)
  8 goblins
  7 hobgoblins
  2 jackals (D:1)
  8 kobolds
  2 quokkas
  2 frilled lizards
  3 rats
60 creatures vanquished.

Vanquished Creatures (others)
  2 fungi (D:1)
  A plant (D:1)
3 creatures vanquished.

Grand Total: 63 creatures vanquished

Notes
Turn   | Place    | Note
-------+----------+-------------------------------------------
     0 | D:1      | KleinerIrrer the Demonspawn Hunter began the quest for the
                  | Orb.
     0 | D:1      | Reached XP level 1. HP: 16/16 MP: 1/1
    39 | D:1      | Found Cunompaj's Antique Weapon Boutique.
    46 | D:1      | Reached skill level 4 in Ranged Weapons
    82 | D:1      | Gained mutation: You are partially covered in large bone
                  | plates. (SH +4) [demonic ancestry]
    82 | D:1      | Reached XP level 2. HP: 22/22 MP: 2/2
   230 | D:1      | Found a faded altar of an unknown god.
   639 | D:1      | Reached XP level 3. HP: 27/27 MP: 3/3
  1038 | D:2      | Reached skill level 5 in Ranged Weapons
  1072 | D:2      | Found a shimmering altar of Xom.
  1145 | D:2      | Gained mutation: Your touch may inflict minor irresistible
                  | damage on your foes. [demonic ancestry]
  1145 | D:2      | Reached XP level 4. HP: 14/33 MP: 4/4
  1520 | D:2      | Noticed Jessica
  1521 | D:2      | Killed Jessica
  2327 | D:3      | Found a runed translucent door.
  2331 | D:3      | Noticed LucemDeus's ghost (amateur KoBr)
  2354 | D:3      | Gained mutation: A weak demonic guardian rushes to your
                  | aid. [demonic ancestry]
  2354 | D:3      | Reached XP level 5. HP: 29/38 MP: 5/5
  2479 | D:3      | Reached skill level 6 in Ranged Weapons
  3294 | D:3      | Found a broken altar of Ashenzari.
  3295 | D:3      | Found a hide-covered altar of Uskayaw.
  3309 | D:3      | Slain by a worm

Illustrated notes

Levels and vault maps discovered:
D:1:      tarquinn_simple_flora_water_c, layout_basic, serial_shops,
          nicolae_shop_stone, shapermc_ecumenical_altar_mp_urbaneastern
D:2:      layout_basic, basic_altar, uniq_jessica
D:3:      layout_loops_corners, chequers_temple_overflow_minitemple,
          chequers_temple_overflow_statue_of_worship, serial_rivers,
          chequers_serial_rivers_micro_e, chequers_serial_rivers_small_b,
          chequers_serial_rivers_small_3, chequers_serial_rivers_large_a,
          gammafunk_ghost_grave, chequers_serial_rivers_marsh, item_on_display_a

Skill      XL: |  1  2  3  4  5 |
---------------+----------------+-----
Ranged Weapons | 4 5 6 |  6.0
Fighting       | |  2.0
Dodging        | |  1.7
Stealth        | |  0.8

Action                   |  1- 3 |  4- 6 || total
-------------------------+-------+-------++-------
Melee: Unarmed           |       |     1 ||     1
 Fire: Shortbow          |   115 |   101 ||   216
  Use: Potion            |       |     1 ||     1
Armor: Leather armour    |    14 |    17 ||    31
Dodge: Dodged            |    24 |    35 ||    59
Block: Other             |     4 |     7 ||    11

Table legend: (Time is in decaauts)
 A = Elapsed time spent in this place.
 B = Non-inter-level travel time spent in this place.
 C = Inter-level travel time spent in this place.
 D = Time resting spent in this place.
 E = Time spent auto-exploring this place.
 F = Levels seen in this place.
 G = Mean time per level.
                   A        B        C        D        E       F      G
               +--------+--------+--------+--------+--------+-----+--------+
         Total |   3388 |   3279 |    109 |    808 |   1957 |   3 | 1129.3 |
       Dungeon |   3388 |   3279 |    109 |    808 |   1957 |   3 | 1129.3 |
               +--------+--------+--------+--------+--------+-----+--------+

Top non-repeatable levels by time:
     D:2: 2048 daAuts
     D:1: 976 daAuts
     D:3: 364 daAuts
